 Dungeon Crawl Stone Soup version 0.28.0-45-g0d030f2227 (webtiles) character file.

Game seed: 1533613816721386434

190138 RepoMan the Wrestler (level 17, -1/178 HPs)
             Began as a Troll Air Elementalist on Apr 5, 2022.
             Was a High Priest of Okawaru.
             Drowned by a water nymph (8 damage)
             ... on level 1 of the Shoals on Apr 6, 2022.
             The game lasted 04:23:37 (33835 turns).

RepoMan the Wrestler (Troll Air Elementalist)      Turns: 33835, Time: 04:23:38

Health: -1/178     AC: 26    Str: 20    XL:     17   Next: 53%
Magic:  23/23      EV:  4    Int: 17    God:    Okawaru [*****.]
Gold:   1535       SH:  0    Dex: 10    Spells: 6/18 levels left

rFire   + . .      SeeInvis +     - Unarmed
rCold   + . .      Faith    .   (no shield)
rNeg    + + .      Spirit   .   L - +0 gold dragon scales
rPois   +          Reflect  .   Y - +2 hat {Will+}
rElec   +          Harm     .   Z - +1 cloak of the Hippo {rPois rN+ rCorr Stlth+}
rCorr   +          Rampage  .   (gloves unavailable)
Will    +++..                   (boots unavailable)
Stlth   ..........              O - amulet of the Air {Inacc Air Fly rElec RMsl}
HPRegen 1.19/turn               a - ring of Watet {rPois rN+ Slay+3 SInv}
MPRegen 0.18/turn               X - ring of Wefesosi {Will+ rCorr}

@: mighty, silenced, heroic, finesse-ful, flying, studying 4 skills, repel
missiles
A: large, unfitting armour, claws 3, regeneration 1, shaggy fur 1, tough skin 1
}: 1/15 runes: gossamer
a: Renounce Religion


You were on level 1 of the Shoals.
You worshipped Okawaru.
Okawaru was extremely pleased with you.
You visited 6 branches of the dungeon, and saw 29 of its levels.
You also visited: Bailey, Gauntlet and Ice Cave.

You collected 3353 gold pieces.
You spent 1818 gold pieces at shops.

Inventory:

Hand Weapons
 D - a +4 scimitar of flaming
Missiles
 s - 25 large rocks (quivered)
 z - 10 curare-tipped darts
 Q - 12 silver javelins
Armour
 b - the +2 robe of a Gauntlet {Dex+2 Archmagi}
   (Okawaru gifted it to you on level 6 of the Lair of Beasts)

   Dex:       It affects your dexterity (+2).
   Archmagi:  It increases the power of your magical spells.
 h - a +2 robe of willpower
 i - a +2 robe of fire resistance
 y - the +2 robe of Anaesthesia {Contam rF+++ Regen+ Dex+3}
   (You bought it in a shop on level 9 of the Dungeon)

   Dex:       It affects your dexterity (+3).
   rF:        It renders you almost immune to fire.
   Contam:    It causes magical contamination when unequipped.
   Regen:     It increases your rate of health regeneration.
 L - +0 gold dragon scales (worn)
 Y - a +2 hat of willpower (worn)
 Z - the +1 cloak of the Hippo (worn) {rPois rN+ rCorr Stlth+}
   (Okawaru gifted it to you on level 5 of the Lair of Beasts)

   rPois:     It protects you from poison.
   rN:        It protects you from negative energy.
   rCorr:     It protects you from acid and corrosion.
   Stlth:     It makes you more stealthy.
Jewellery
 a - the ring of Watet (left claw) {rPois rN+ Slay+3 SInv}
   (You acquired it on level 5 of the Dungeon)

   [ring of positive energy]

   Slay:      It affects your accuracy & damage with ranged weapons and melee
   (+3).
   rPois:     It protects you from poison.
   rN:        It protects you from negative energy.
   SInv:      It lets you see invisible.
 E - a ring of ice
 K - a ring of wizardry
 N - the ring of Amorality {*Corrode rElec rN+ Str+6 Int+8}
   (You found it in a Gauntlet)

   [ring of strength]

   Str:       It affects your strength (+6).
   Int:       It affects your intelligence (+8).
   rElec:     It insulates you from electricity.
   rN:        It protects you from negative energy.
   *Corrode:  It may corrode you when you take damage.
 O - the amulet of the Air (around neck) {Inacc Air Fly rElec RMsl}
   (You found it in a Gauntlet)

   [amulet of nothing]

   It reduces the accuracy of all your attacks.
   It enhances your air magic.
   rElec:     It insulates you from electricity.
   Fly:       It grants you flight.
   RMsl:      It protects you from missiles.
 X - the ring of Wefesosi (right claw) {Will+ rCorr}
   (You acquired it on level 4 of the Lair of Beasts)

   [ring of willpower]

   rCorr:     It protects you from acid and corrosion.
   Will:      It increases your willpower.
Wands
 x - a wand of acid (4)
 C - a wand of flame (18)
 S - a wand of mindburst (1)
 T - a wand of iceblast (9)
Scrolls
 c - a scroll of magic mapping
 e - 16 scrolls of teleportation
 f - 4 scrolls of enchant armour
 j - 5 scrolls of amnesia
 k - 2 scrolls of fog
 l - a scroll of brand weapon
 r - 5 scrolls of enchant weapon
 B - 2 scrolls of vulnerability
 H - 2 scrolls of immolation
 J - 5 scrolls of identify
Potions
 g - 2 potions of cancellation
 m - 3 potions of haste
 n - 2 potions of brilliance
 v - 4 potions of magic
 w - 5 potions of mutation
 F - 2 potions of lignification
 G - 15 potions of ambrosia
 V - 2 potions of attraction
Miscellaneous
 W - a condenser vane (inert)


   Skills:
 + Level 13.3(18.3) Fighting
 - Level 5.0(10.0) Throwing
 + Level 9.5(14.5) Armour
 - Level 6.0(11.0) Dodging
 - Level 1.0(6.0) Stealth
 * Level 21.6(26.6) Unarmed Combat
 - Level 1.2 Spellcasting
 - Level 0.6 Conjurations
 + Level 6.6 Air Magic
 - Level 10.0 Invocations


You had 6 spell levels left.
You knew the following spells:

 Your Spells              Type           Power      Damage    Failure   Level
a - Airstrike             Air            17%        N/A       100%        4
b - Blink                 Tloc           2%         N/A       100%        2
v - Poisonous Vapours     Pois/Air       36%        N/A       99%         2
z - Shock                 Conj/Air       80%        1d8       95%         1
S - Swiftness             Air            35%        N/A       93%         3

Your spell library contained the following spells:

 Spells                   Type           Power      Damage    Failure   Level
 Static Discharge         Conj/Air       20%        N/A       99%         2
 Sandblast                Erth           2%         2d4       100%        1
 Ensorcelled Hibernation  Hex/Ice        2%         N/A       100%        2
 Passwall                 Tmut/Erth      0%         N/A       100%        2
 Scorch                   Fire           2%         2d5       100%        2
 Sublimation of Blood     Necr           1%         N/A       100%        2
 Stone Arrow              Conj/Erth      4%         3d7       100%        3
 Flame Wave               Conj/Fire      2%         2d4       100%        4
 Fulminant Prism          Conj/Hex       1%         3d6       100%        4
 Iskenderun's Mystic Bla  Conj/Tloc      2%         2d3       100%        4
 Petrify                  Tmut/Erth      1%         N/A       100%        4
 Blade Hands              Tmut           0%         N/A       100%        5
 Irradiate                Conj/Tmut      1%         3d14      100%        5
 Iskenderun's Battlesphe  Conj           3%         2d6       100%        5
 Lee's Rapid Deconstruct  Erth           0%         3d5*      100%        5
 Lightning Bolt           Conj/Air       10%        1d23      100%        5
 Manifold Assault         Tloc           1%         N/A       100%        5
 Iron Shot                Conj/Erth      1%         9d1       100%        6
 Storm Form               Tmut/Air       9%         N/A       100%        7
 Borgnjor's Revivificati  Necr           0%         N/A       100%        8
 Maxwell's Capacitive Co  Air            17%        ∞         100%        8
 Necromutation            Tmut/Necr      0%         N/A       100%        8
 Death's Door             Necr           0%         N/A       100%        9
 Animate Armour           Summ/Erth      Unusable   N/A       N/A         4
 Summon Lightning Spire   Summ/Air       Unusable   N/A       N/A         4
 Summon Cactus Giant      Summ           Unusable   N/A       N/A         6
 Spellforged Servitor     Conj/Summ      Unusable   N/A       N/A         7

Dungeon Overview and Level Annotations

Branches:
Dungeon (15/15)            Temple (1/1) D:6            Lair (6/6) D:11
 Shoals (1/4) Lair:2       Spider (4/4) Lair:4        Slime (0/5) Lair:6
    Orc (2/2) D:11            Elf (0/3) Orc:2        Vaults (0/5) D:13
 Depths (0/4) D:15         Bailey (visited)           IceCv (visited)
Gauntlet (visited)

Altars:
Ashenzari
Cheibriados
Dithmenos
Elyvilon
Fedhas
Gozag
Hepliaklqana
Kikubaaqudgha
Makhleb
Nemelex Xobeh
Okawaru
Qazlal
Ru
Sif Muna
Trog
Uskayaw
Vehumet
Wu Jian
Xom
Yredelemnul
Zin
The Shining One

Shops:
D:9 [   D:11 (   D:12 (   Orc:2 :[:*!   Shoals:1 *

Portals:
Hell: Lair:6


Innate Abilities, Weirdness & Mutations

You are too large for most types of armour.
You have claws for hands.
Your natural rate of healing is unusually fast.
You are covered in fur. (AC +1)
You have tough skin. (AC +1)


Message History

* * * LOW HITPOINT WARNING * * *
The merfolk hits you but does no damage. x2
The merfolk siren hits you but does no damage.
Unknown command.
Unknown command.
Okay, then.
Unknown command.
Unknown command.
You struggle against the net.
The merfolk hits you but does no damage.
The water nymph completely misses you.
The merfolk hits you but does no damage. x2
The merfolk siren hits you but does no damage.
Unknown command.
Unknown command.
You rip the net and break free!
The merfolk hits you but does no damage.
The water nymph touches you.
* * * LOW HITPOINT WARNING * * *
The water nymph drowns you!
* * * LOW HITPOINT WARNING * * *
The merfolk hits you from afar with a +0 trident.
* * * LOW HITPOINT WARNING * * *
The merfolk hits you but does no damage.
The merfolk siren hits you from afar with a +0 spear!
* * * LOW HITPOINT WARNING * * *
Okay, then.
Magic scrolls do not work when you're silenced!
Okay, then.
Unknown command.
Unknown command.
The merfolk hits you but does no damage.
The merfolk hits you from afar with a +0 trident.
* * * LOW HITPOINT WARNING * * *
The merfolk hits you but does no damage.
The merfolk siren hits you but does no damage.
There is a staircase back to the Lair here.
Unknown command.
The water nymph touches you. The water nymph drowns you!
You die...

..... .......≈≈
▒.............≈
▒▒.............
.▒..≈..▒.....(.8
...≈≈≈.▒.........≈≈≈
...≈≈≈.........∩≈≈≈≈
...≈≈≈.......(..≈≈≈≈
..≈≈≈≈...).....>≈≈≈≈
≈≈≈≈...@≈).?...≈≈≈≈.
≈≈≈≈≈≈≈m)m.....8≈≈≈≈
≈≈≈≈≈≈m≈mm......≈≈≈≈
≈≈≈≈≈≈≈≈≈.≈.....≈≈≈≈
≈≈≈≈≈≈≈≈........≈≈≈≈
≈≈≈≈≈≈≈.........≈≈≈≈
≈≈≈≈≈≈≈.........≈≈≈≈
≈≈≈≈≈≈≈........≈≈≈≈.
≈≈≈≈≈≈≈≈≈≈.≈$≈≈≈≈≈..


You could see 3 merfolk, a merfolk siren and a water nymph.

Vanquished Creatures
  10 emperor scorpions
  An orc warlord (Orc:1)
  2 ghost moths
  5 broodmothers
  A very ugly thing (IceCv)
  5 entropy weavers
  A dire elephant (Lair:6)
  A minotaur (Gauntlet)
  An ettin (D:15)
  A fire dragon (D:15)
  Josephine (Orc:2)
  Harold (D:8)
  2 catoblepae
  8 vault guards (D:13)
  11 hydras
  2 jorogumos
  11 boulder beetles
  2 centaur warriors
  2 radroaches (Spider:4)
  An ogre mage (D:15)
  A hell beast (Lair:6)
  2 death knights (D:15)
  4 two-headed ogres
  6 death yaks
  A tengu warrior (D:13)
  A hell hog (Gauntlet)
  An orc high priest (Orc:2)
  7 skeletal warriors
  3 sun moths
  3 pharaoh ants
  8 steelbarb worms
  11 orb spiders
  A lindwurm (Lair:6)
  A wizard (Lair:6)
  2 deep trolls (D:15)
  A phantasmal warrior (D:15)
  Pikel (D:5)
  23 wolf spiders
  4 deep elf pyromancers
  An orc knight (Orc:2)
  2 necromancers (D:15)
  7 ugly things
  A moth of wrath (Gauntlet)
  9 orc sorcerers
  A will-o-the-wisp (Lair:6)
  2 manticores
  5 cyclopes
  2 merfolk sirens
  13 elephants
  5 torpor snails
  8 black mambas
  Psyche (D:11)
  3 orange demons (Lair:6)
  A yaktaur (D:15)
  9 cane toads
  3 rime drakes (Lair:6)
  5 kobold demonologists
  2 unseen horrors
  Maggie (D:10)
  An efreet (D:10)
  17 komodo dragons
  13 demonic crawlers
  A tengu conjurer (D:13)
  A hellwing (Lair:6)
  2 freezing wraiths
  3 ice devils (Lair:6)
  5 trolls
  A queen bee (Arena)
  4 polar bears
  A hornet (shapeshifter) (D:13)
  21 blink frogs
  14 meliai
  2 merfolk (Shoals:1)
  18 tarantellas
  A dream sheep (Lair:6)
  26 culicivoras
  35 jumping spiders
  A shadow (D:12)
  A centaur simulacrum (D:14)
  3 spriggans (Bailey)
  9 wraiths
  A dire elephant simulacrum (IceCv)
  35 yaks
  5 wyverns
  A vampire (D:10)
  3 fire bats (Gauntlet)
  5 basilisks
  Grum (Lair:1)
  3 steam dragons
  40 redbacks
  8 vampire mosquitoes
  2 wargs
  2 harpy simulacra (IceCv)
  2 swamp worms (Gauntlet)
  Edmund (D:6)
  An acid dragon (Bailey)
  6 hell hounds
  Duvessa (D:6)
  18 water moccasins
  2 hydra simulacra (IceCv)
  An ice beast (D:6)
  19 orc warriors
  4 sky beasts
  3 swamp drakes (Lair:6)
  3 black bears
  An alligator simulacrum (IceCv)
  19 wolves
  An ettin simulacrum (IceCv)
  17 ogres
  14 centaurs
  2 lemures (D:5)
  2 phantoms
  6 kobold brigands
  16 bullfrogs
  A gnoll sergeant (D:11)
  2 scorpions (D:4)
  Dowan (D:6)
  22 killer bees
  A lindwurm simulacrum (IceCv)
  17 wights
  3 electric eels
  3 howler monkeys
  3 centaur zombies
  25 orc priests
  2 gnoll shamans
  3 hounds
  A jelly (Lair:6)
  A centaur skeleton (D:2)
  5 iguanas
  44 orc wizards
  A hound zombie (D:5)
  2 howler monkey zombies
  11 gnolls
  3 adders (D:5)
  3 shadow imps
  A white imp (D:8)
  2 ufetubi (D:5)
  A worm (D:3)
  4 dart slugs
  77 orcs
  10 ball pythons
  5 bats
  15 endoplasms
  6 giant cockroaches
  7 goblins
  7 hobgoblins
  7 jackals
  31 kobolds
  2 quokkas
  5 frilled lizards
  A rat (D:1)
991 creatures vanquished.

Vanquished Creatures (others)
  An unseen horror (D:11)
  An orc wizard (Orc:1)
  4 foxfires (Lair:6)
  51 fungi
  52 plants
109 creatures vanquished.

Grand Total: 1100 creatures vanquished

Notes
Turn   | Place    | Note
-------+----------+-------------------------------------------
     0 | D:1      | RepoMan the Troll Air Elementalist began the quest for the
                  | Orb.
     0 | D:1      | Reached XP level 1. HP: 16/16 MP: 1/1
    98 | D:1      | Reached skill level 1 in Unarmed Combat
   212 | D:1      | Reached XP level 2. HP: 24/24 MP: 2/2
   335 | D:1      | Reached skill level 2 in Unarmed Combat
   472 | D:1      | Reached XP level 3. HP: 28/31 MP: 3/3
  1016 | D:2      | Reached XP level 4. HP: 40/40 MP: 0/4
  1324 | D:3      | Reached skill level 3 in Unarmed Combat
  1495 | D:3      | Identified the +4 ring mail "Faloc" {Rampage Regen+ Str-4
                  | Int+5}
  1787 | D:3      | Noticed a phantom
  1816 | D:3      | Killed a phantom
  1817 | D:3      | Reached skill level 1 in Fighting
  1817 | D:3      | Reached XP level 5. HP: 36/48 MP: 5/5
  2120 | D:4      | Reached skill level 4 in Unarmed Combat
  2124 | D:4      | Reached XP level 6. HP: 57/57 MP: 6/6
  2371 | D:4      | Learned a level 3 spell: Swiftness
  2489 | D:4      | Noticed an orc warrior
  2986 | D:5      | Entered Level 5 of the Dungeon
  2996 | D:5      | Reached skill level 5 in Unarmed Combat
  3374 | D:5      | Reached XP level 7. HP: 66/66 MP: 7/7
  3686 | D:5      | Reached skill level 6 in Unarmed Combat
  4374 | D:6      | Noticed Duvessa
  4374 | D:6      | Noticed Dowan
  4483 | D:6      | Noticed Pikel
  4508 | D:4      | Reached skill level 7 in Unarmed Combat
  4633 | D:4      | Reached XP level 8. HP: 72/78 MP: 4/8
  4765 | D:5      | Killed Pikel
  4766 | D:5      | Reached skill level 8 in Unarmed Combat
  4807 | D:6      | Noticed Edmund
  4878 | D:6      | Reached skill level 5 in Fighting
  4878 | D:6      | Reached skill level 9 in Unarmed Combat
  4980 | D:6      | Reached XP level 9. HP: 79/88 MP: 3/9
  5028 | D:6      | Noticed a manticore
  5181 | D:5      | Identified a scroll of acquirement
  5185 | D:5      | Acquired the ring of Watet {rPois rN+ Slay+3 SInv}
  5215 | D:6      | Killed Dowan
  5223 | D:6      | Killed Duvessa
  5457 | D:6      | Killed Edmund
  5458 | D:6      | Reached skill level 10 in Unarmed Combat
  5571 | D:6      | Killed a manticore
  5674 | D:6      | Reached skill level 11 in Unarmed Combat
  5868 | D:6      | Found a staircase to the Ecumenical Temple.
  5877 | Temple   | Entered the Ecumenical Temple
  6067 | Temple   | Became a worshipper of Warmaster Okawaru
  6685 | D:8      | Noticed Harold
  6693 | D:8      | Killed Harold
  6694 | D:8      | Reached XP level 10. HP: 100/100 MP: 10/10
  6706 | D:8      | Reached * piety under Okawaru
  6731 | D:8      | Found a flagged portal.
  6736 | Bailey   | Entered a bailey
  6774 | Bailey   | Reached skill level 12 in Unarmed Combat
  6884 | Bailey   | Noticed a two-headed ogre
  6894 | Bailey   | Killed a two-headed ogre
  6894 | Bailey   | Reached ** piety under Okawaru
  7032 | Bailey   | Reached skill level 1 in Invocations
  7511 | D:8      | Found an ancient bone altar of Kikubaaqudgha.
  7842 | D:9      | Noticed a boulder beetle
  7855 | D:9      | Killed a boulder beetle
  7855 | D:9      | Reached *** piety under Okawaru
  7856 | D:9      | Reached skill level 13 in Unarmed Combat
  7974 | D:9      | Reached **** piety under Okawaru
  7975 | D:9      | Reached XP level 11. HP: 85/111 MP: 11/11
  8010 | D:9      | Found Wiptasiy's Antique Armour Shoppe.
  8015 | D:9      | Bought a brightly glowing robe for 176 gold pieces
  8015 | D:9      | Identified the +2 robe of Anaesthesia {Contam rF+++ Regen+
                  | Dex+3} (You bought it in a shop on level 9 of the Dungeon)
  8062 | D:9      | Identified the ring "Oqomes" {+Blink rElec rC- Will+}
  8579 | D:10     | Entered Level 10 of the Dungeon
  8581 | D:10     | Noticed a purple ugly thing
  8587 | D:10     | Killed a purple ugly thing
  9365 | D:10     | Noticed Maggie
  9376 | D:10     | Killed Maggie
  9535 | D:11     | Noticed a boulder beetle
  9538 | D:11     | Reached skill level 14 in Unarmed Combat
  9652 | D:10     | Killed a boulder beetle
  9652 | D:10     | Reached ***** piety under Okawaru
  9861 | D:11     | Received a gift from Okawaru
  9910 | D:11     | Learned a level 4 spell: Airstrike
  9934 | D:11     | Found a staircase to the Lair.
 10082 | D:11     | Found a staircase to the Orcish Mines.
 10082 | D:11     | Found Lepay's Weapon Emporium.
 10083 | D:11     | Noticed a four-headed hydra
 10094 | D:11     | Killed a one-headed hydra
 10391 | D:11     | Reached skill level 5 in Invocations
 10522 | D:11     | Noticed Psyche
 10528 | D:11     | Killed Psyche
 10544 | D:11     | Reached skill level 15 in Unarmed Combat
 10544 | D:11     | Reached XP level 12. HP: 118/122 MP: 14/14
 11103 | Lair:1   | Entered Level 1 of the Lair of Beasts
 11391 | Lair:1   | Noticed a five-headed hydra
 11487 | Lair:1   | Killed a one-headed hydra
 11490 | Lair:1   | Noticed Grum
 11497 | Lair:1   | Killed Grum
 12138 | Lair:2   | Noticed a seven-headed hydra
 12157 | Lair:2   | Killed a one-headed hydra
 12157 | Lair:2   | Received a gift from Okawaru
 12199 | Lair:2   | Found a gate leading to a gauntlet.
 12208 | Gauntlet | Entered a Gauntlet
 12208 | Gauntlet | Found a transporter.
 12208 | Gauntlet | Found a transporter.
 12214 | Gauntlet | Found a transporter.
 12215 | Gauntlet | Found a transporter.
 12215 | Gauntlet | Found a transporter.
 12216 | Gauntlet | Found a transporter.
 12248 | Gauntlet | Found a transporter.
 12251 | Gauntlet | Found a transporter.
 12262 | Gauntlet | Found a transporter.
 12275 | Gauntlet | Found a runed translucent door.
 12276 | Gauntlet | Noticed a hell hog
 12279 | Gauntlet | Found a transporter.
 12281 | Gauntlet | Found the amulet of the Air {Inacc Air Fly rElec RMsl}
 12292 | Gauntlet | Found a transporter.
 12296 | Gauntlet | Found a transporter.
 12412 | Gauntlet | Identified the ring of Amorality {*Corrode rElec rN+ Str+6
                  | Int+8}
 12494 | Gauntlet | Killed a hell hog
 12522 | Gauntlet | Identified the +0 leather armour of the Nexus {rCorr Int+7
                  | Slay+2}
 12535 | Gauntlet | Noticed a minotaur
 12602 | Gauntlet | Killed a minotaur
 12688 | Lair:2   | Reached skill level 16 in Unarmed Combat
 12722 | Lair:2   | Noticed a seven-headed hydra
 12735 | Lair:2   | Killed a one-headed hydra
 13220 | Lair:2   | Found a staircase to the Shoals.
 13704 | Lair:2   | Reached XP level 13. HP: 97/133 MP: 17/17
 13884 | Lair:2   | Received a gift from Okawaru
 13924 | Lair:3   | Reached skill level 10 in Fighting
 14009 | Lair:3   | Received a gift from Okawaru
 14459 | Lair:3   | Got the Incunabulum of the Birds
 14476 | Lair:3   | Learned a level 2 spell: Poisonous Vapours
 14641 | Lair:3   | Received a gift from Okawaru
 14642 | Lair:3   | Reached skill level 17 in Unarmed Combat
 14707 | Lair:3   | Reached skill level 1 in Armour
 14716 | Lair:3   | Reached skill level 1 in Throwing
 15258 | Lair:4   | Found a hole to the Spider Nest.
 15362 | Lair:4   | Acquired the ring of Wefesosi {Will+ rCorr}
 16450 | Lair:5   | Received a gift from Okawaru
 16526 | Lair:5   | Reached skill level 5 in Dodging
 16677 | Lair:5   | Identified the +1 cloak of the Hippo {rPois rN+ rCorr
                  | Stlth+} (Okawaru gifted it to you on level 5 of the Lair of
                  | Beasts)
 16677 | Lair:5   | Received a gift from Okawaru
 17270 | Lair:6   | Entered Level 6 of the Lair of Beasts
 17315 | Lair:6   | Found a staircase to the Slime Pits.
 17340 | Lair:6   | Reached XP level 14. HP: 68/144 MP: 1/19
 18313 | Lair:6   | Reached skill level 18 in Unarmed Combat
 18532 | Lair:6   | Identified the +3 shortbow "Hydraslayer" {freeze, rPois}
 19086 | Lair:6   | Received a gift from Okawaru
 19187 | Lair:6   | Found a burning altar of Makhleb.
 19314 | Lair:6   | Identified the +2 robe of a Gauntlet {Dex+2 Archmagi}
                  | (Okawaru gifted it to you on level 6 of the Lair of Beasts)
 19314 | Lair:6   | Received a gift from Okawaru
 19474 | Lair:6   | Found a gateway to Hell.
 19481 | Lair:6   | Identified the +9 arbalest of Calamity {freeze, Int+3}
 20006 | Orc:1    | Entered Level 1 of the Orcish Mines
 20082 | Orc:1    | You are sucked into a shaft and drop 1 floor!
 20082 | Orc:2    | Entered Level 2 of the Orcish Mines
 20184 | Orc:2    | Found Gabadghyu's Book Boutique.
 20265 | Orc:2    | Bought an Inescapable Atlas for 442 gold pieces
 20268 | Orc:2    | Learned a level 2 spell: Blink
 20406 | Orc:2    | Found a staircase to the Elven Halls.
 20717 | Orc:1    | Noticed an orc warlord
 20746 | Orc:1    | Killed an orc warlord
 20915 | Orc:2    | Noticed Josephine
 20928 | Orc:2    | Killed Josephine
 20929 | Orc:2    | Reached skill level 19 in Unarmed Combat
 21198 | Orc:2    | Reached XP level 15. HP: 101/154 MP: 15/20
 21567 | Orc:2    | Found Xacoac's Distillery.
 21567 | Orc:2    | Found Jahaus's Book Shop.
 21568 | Orc:2    | Found Xogas's Antique Armour Shop.
 21571 | Orc:2    | Found Vecs's General Store.
 21579 | Orc:2    | Bought a manual of Armour for 1200 gold pieces
 22081 | D:12     | Found a broken altar of Ashenzari.
 22364 | D:12     | Found Naukout's Weapon Emporium.
 23035 | D:13     | You are sucked into a shaft and drop 2 floors!
 23035 | D:15     | Entered Level 15 of the Dungeon
 23035 | D:15     | Found a staircase to the Depths.
 23159 | D:13     | Found a gate to the Vaults.
 23551 | D:13     | Received a gift from Okawaru
 24545 | D:14     | Reached skill level 5 in Armour
 24752 | Arena    | Entered the Arena
 25879 | D:15     | Received a gift from Okawaru
 25958 | D:15     | Received a gift from Okawaru
 26171 | D:15     | Received a gift from Okawaru
 26199 | D:15     | Reached skill level 20 in Unarmed Combat
 26542 | D:15     | Received a gift from Okawaru
 26780 | D:15     | Reached XP level 16. HP: 124/166 MP: 20/22
 27108 | Spider:1 | Entered Level 1 of the Spider Nest
 27131 | Spider:1 | Reached skill level 5 in Air Magic
 27518 | Spider:1 | Received a gift from Okawaru
 28357 | Spider:1 | Received a gift from Okawaru
 29013 | Spider:2 | Received a gift from Okawaru
 29739 | Spider:3 | Identified the +0 robe "Folan Ele" {Str+5 Stlth-} (Okawaru
                  | gifted it to you on level 3 of the Spider Nest)
 29739 | Spider:3 | Received a gift from Okawaru
 29809 | Spider:3 | Reached skill level 10 in Invocations
 30665 | Spider:3 | Identified the +1 chain mail "Umacobru" {rPois Str+4 Int+2}
 31353 | Spider:4 | Entered Level 4 of the Spider Nest
 31385 | Spider:4 | Found a frozen archway.
 31409 | IceCv    | Entered an ice cave
 31418 | IceCv    | Reached skill level 21 in Unarmed Combat
 31426 | IceCv    | Found a transporter.
 32021 | Spider:4 | Reached XP level 17. HP: 151/175 MP: 23/23
 33145 | Spider:4 | Identified the +1 hat of the Storm King {Rampage rCorr MP-9
                  | Dex+4} (Okawaru gifted it to you on level 4 of the Spider
                  | Nest)
 33145 | Spider:4 | Received a gift from Okawaru
 33204 | Spider:4 | Reached skill level 5 in Throwing
 33362 | Spider:4 | Got a gossamer rune of Zot
 33777 | Shoals:1 | Entered Level 1 of the Shoals
 33832 | Shoals:1 | HP: 4/178 [merfolk siren/+0 spear (11)]
 33835 | Shoals:1 | Drowned by a water nymph

Illustrated notes

Levels and vault maps discovered:
D:1:      scummos_arrival_star, layout_loops_cross
D:2:      layout_rooms
D:3:      wander_river, layout_basic
D:4:      layout_basic
D:5:      layout_basic, minmay_manual_moon
D:6:      layout_cave_pools, minmay_temple_entry_large_hall, serial_park,
          serial_park_square3 [serial_park_minivault_5x5_6], serial_park_square1
          [serial_park_minivault_5x5_1], serial_park_gazebo
          [serial_park_minivault_5x5_7], serial_park_square3
          [serial_park_minivault_5x5_3], minmay_misc_feat_cross, uniq_edmund,
          uniq_pikel, uniq_duvessa
D:7:      layout_basic
D:8:      layout_basic, mainiacjoe_overflow_paths, enter_bailey_3,
          water_maze_lemuel, uniq_harold
D:9:      layout_loops_ring, serial_shops, kennysheep_little_box,
          nzn_sisyphean_effort
D:10:     layout_small_grid, kennysheep_small_spiral, uniq_maggie
D:11:     layout_irregular_city, grunt_lair_entry_orc_guard_hut, orc_david_3,
          hangedman_misty_isle, uniq_psyche
D:12:     layout_long_grid, serial_shops, nicolae_shop_bloodbath_and_beyond,
          ashenzari_altar_1
D:13:     layout_grid_maze, erik_vaults_2
D:14:     layout_layer_cave, chequers_jeans, special_room [special_room_bee]
D:15:     hangedman_depths_entry_civil_slaughter, layout_cave_pools
Temple:   mainiacjoe_temple_starburst
Lair:1:   layout_cave_pods, minmay_holes, uniq_grum
Lair:2:   layout_loops_ring, minmay_shoals_entry_lonely_mermaid,
          gauntlet_entry_generic, lemuel_fruit_tree
Lair:3:   layout_roguey, grunt_megastairs_3
Lair:4:   hellmonk_ruined_rings, layout_cave_shapes, spider_nest_entry_rubble
Lair:5:   layout_loops_ring
Lair:6:   evil_forest, layout_regular_city, nicolae_slime_entry_slimehenge,
          pond, grunt_megastairs_4
Shoals:1: layout_shoals, serial_shops, shop_statue, ebering_ghost_rock_garden,
          nicolae_shoals_nymph_descending_staircase
Spider:1: layout_chambers, hangedman_spider_tarantella_strand
Spider:2: layout_spider_delve, nicolae_spider_scorpion_nest
Spider:3: nicolae_spider_hilbert_zone_5 [nicolae_spider_hilbert_3_sides_1_open,
          nicolae_spider_hilbert_4_sides_1_open,
          nicolae_spider_hilbert_4_sides_1_open,
          nicolae_spider_hilbert_6_sides_1_open,
          nicolae_spider_hilbert_6_sides_1_open]
Spider:4: hellmonk_spider_rune_endless_swarm, portal_ice_cave_entry_pillars_1,
          hangedman_spider_mandibles, nicolae_crawler_farm
Orc:1:    layout_diamond_mine
Orc:2:    st_orc_mages, layout_diamond_mine, serial_shops,
          nicolae_shop_advertising_works [nicolae_subvault_shop_adworks],
          nicolae_orc_stony_grotto, nicolae_orc_bridge_out, uniq_josephine

Skill      XL: |  1  2  3  4  5  6  7  8  9 10 11 12 13 14 15 16 17 |
---------------+----------------------------------------------------+-----
Unarmed Combat | 1 2 3 4 5 7 9 11 13 15 16 17 19 20 21 | 21.6
Fighting       | 1 2 3 5 6 7 8 9 10 11 12 13 | 13.3
Air Magic      | 3 4 6 |  6.6
Invocations    | 2 5 6 8 9 10 | 10.0
Dodging        | 3 5 6 |  6.0
Armour         | 2 3 6 8 9 |  9.5
Throwing       | 2 3 4 5 |  5.0
Stealth        | |  1.0
Spellcasting   | |  1.2
Conjurations   | |  0.6

Action                   |  1- 3 |  4- 6 |  7- 9 | 10-12 | 13-15 | 16-18 || total
-------------------------+-------+-------+-------+-------+-------+-------++-------
Melee: Unarmed           |    75 |   164 |   247 |   517 |  1300 |   797 ||  3100
       Punch             |     2 |     7 |    13 |    40 |   128 |   101 ||   291
       Scimitar          |       |       |       |    23 |    50 |       ||    73
Throw: Throwing net      |       |       |     1 |     4 |       |       ||     5
       Dart              |       |       |       |    11 |     9 |    16 ||    36
       Large rock        |       |       |       |       |    46 |   112 ||   158
 Cast: Shock             |    11 |    41 |    61 |   155 |   212 |       ||   480
       Swiftness         |       |       |       |       |     1 |       ||     1
Invok: Heroism           |       |       |       |     4 |    22 |    19 ||    45
       Finesse           |       |       |       |     1 |     9 |     4 ||    14
       Duel              |       |       |       |       |     1 |       ||     1
Evoke: Wand              |       |       |     4 |    17 |    40 |     9 ||    70
       Condenser vane    |       |       |       |       |     2 |     2 ||     4
  Use: Scroll            |       |     5 |     7 |     9 |    18 |     8 ||    47
       Potion            |       |     7 |     1 |     4 |     7 |     9 ||    28
 Stab: Sleeping          |     4 |     2 |       |     3 |     3 |       ||    12
       Held in net/web   |       |       |     1 |     1 |       |       ||     2
       Petrified         |       |       |       |       |     1 |       ||     1
       Paralysed         |       |       |       |       |     1 |       ||     1
       Confused          |       |       |       |       |     1 |       ||     1
       Invisible         |       |       |       |       |       |     2 ||     2
Armor: Robe              |    25 |    63 |   101 |   139 |   302 |     1 ||   631
       Acid dragon scale |       |       |       |    18 |    63 |       ||    81
       Gold dragon scale |       |       |       |       |       |   621 ||   621
Dodge: Dodged            |    18 |    64 |    93 |   204 |   532 |   120 ||  1031
       Repelled          |       |       |       |       |     8 |     1 ||     9
